 Dungeon Crawl Stone Soup version 0.23.2-40-g277498a001 (webtiles) character file.

Game seed: 9344007775703153723

217 Amplified the Conjurer (level 5, -5/52 HPs)
             Began as a Draconian Conjurer on Oct 16, 2019.
             Slain by Menkaure (21 damage)
             ... on level 4 of the Dungeon.
             The game lasted 00:07:20 (4086 turns).

Amplified the Conjurer (Draconian Conjurer)         Turns: 4086, Time: 00:07:21

Health: -5/52      AC:  5    Str: 16    XL:     5   Next: 61%
Magic:  9/9        EV: 13    Int: 16    God:
Gold:   73         SH:  0    Dex: 11    Spells: 4/10 levels left

rFire    . . .     SeeInvis .   a - +2 hunting sling
rCold    . . .     Gourm    .   (no shield)
rNeg     . . .     Faith    .   (armour unavailable)
rPois    .         Spirit   .   (helmet restricted)
rElec    .         Reflect  .   (no cloak)
rCorr    .         Harm     .   (no gloves)
MR       .....                  (no boots)
Stlth    +.........             (no amulet)
HPRegen  0.17/turn              (no ring)
MPRegen  0.11/turn              (no ring)

@: mighty
A: unfitting armour, hooves 1, robust 2, cold-blooded, AC +5
a: no special abilities


You were on level 4 of the Dungeon.
You were not hungry.

You visited 1 branch of the dungeon, and saw 4 of its levels.

You collected 73 gold pieces.

Inventory:

Hand Weapons
 a - a +2 hunting sling (weapon)
Missiles
 c - 68 stones (quivered)
 f - 4 javelins of returning
Scrolls
 d - 2 scrolls of remove curse
Potions
 h - a potion of ambrosia
 i - a potion of might
Comestibles
 b - 8 rations


   Skills:
 * Level 2.8 Fighting
 * Level 1.3 Slings
 * Level 3.0 Dodging
 - Level 1.7 Stealth
 * Level 3.2 Spellcasting
 - Level 4.4 Conjurations


You had 4 spell levels left.
You knew the following spells:

 Your Spells              Type           Power        Failure   Level  Hunger
a - Magic Dart            Conj           ###.         3%          1    None
b - Searing Ray           Conj           ###...       4%          2    ##.....
c - Dazzling Spray        Conj/Hex       #.....       22%         3    ###....

Your spell library contained the following spells:

 Spells                   Type           Power        Failure   Level  Hunger
 Iskenderun's Mystic Bla  Conj           ###.....     28%         4    ####...
 Force Lance              Conj/Tloc      #.......     58%         4    ####...
 Fulminant Prism          Conj/Hex       #.........   58%         4    ####...


Dungeon Overview and Level Annotations

Branches:
Dungeon (4/15)
 Temple: D:4-7

Altars:
Qazlal

Shops:
D:4 %

Annotations:
D:4 Menkaure


Innate Abilities, Weirdness & Mutations

Your plain brown scales are hard. (AC +5)
You cannot fit into any form of body armour.
You are cold-blooded and may be slowed by cold attacks.
You have large cloven feet.
You are very robust. (+20% HP)


Message History

Menkaure is lightly damaged.
Firing (i - inventory. (/) - cycle)
c - 71 stones (quivered)
Press: ? - help, Shift-Dir - straight line, f/p - Menkaure
Aim: Menkaure (lightly damaged)
You shoot a stone. The stone hits Menkaure.
Menkaure is moderately damaged.
Firing (i - inventory. (/) - cycle)
c - 70 stones (quivered)
Press: ? - help, Shift-Dir - straight line, f/p - Menkaure
Aim: Menkaure (moderately damaged)
You shoot a stone. The stone barely misses Menkaure.
Menkaure closely misses you.
Firing (i - inventory. (/) - cycle)
c - 69 stones (quivered)
Press: ? - help, Shift-Dir - straight line, f/p - Menkaure
Aim: Menkaure (moderately damaged)
You shoot a stone. The stone hits Menkaure!
Menkaure is heavily damaged.
Menkaure hits you!!
* * * LOW HITPOINT WARNING * * *
You feel better. Menkaure hits you!!
You die...

###†#'####.# #.#.# #.#
# ############.#.#
#.#.# .............#.#
#.#M#
##############.####.#.#
########........#.#
..................#
#############.#####
.......@M(.#
############


You could see Menkaure.

Vanquished Creatures
  A centaur (D:2)
  A worker ant (D:4)
  3 adders
  2 worms
  4 dart slugs
  A leopard gecko (D:3)
  6 orcs
  A giant cockroach (D:2)
  5 goblins
  8 hobgoblins
  6 jackals (D:2)
  2 quokkas (D:3)
  2 ball pythons (D:1)
  7 bats
  4 frilled lizards
  3 kobolds
  6 rats
62 creatures vanquished.

Notes
Turn   | Place    | Note
-------+----------+-------------------------------------------
     0 | D:1      | Amplified the Draconian Conjurer began the quest for the
                  | Orb.
     0 | D:1      | Reached XP level 1. HP: 14/14 MP: 3/3
   451 | D:2      | Reached skill level 1 in Fighting
   451 | D:2      | Reached XP level 2. HP: 5/23 MP: 3/5
   485 | D:3      | HP: 1/23 [hobgoblin/+0 club (2)]
   800 | D:3      | Gained mutation: You have large cloven feet. [potion of
                  | mutation]
   800 | D:3      | Gained mutation: You are robust. (+10% HP) [potion of
                  | mutation]
   800 | D:3      | Gained mutation: You are very robust. (+20% HP) [potion of
                  | mutation]
  1129 | D:3      | Reached XP level 3. HP: 23/33 MP: 0/6
  1257 | D:3      | Learned a level 2 spell: Searing Ray
  1878 | D:2      | Noticed a centaur
  2070 | D:2      | Found a stormy altar of Qazlal.
  2080 | D:2      | Learned a level 3 spell: Dazzling Spray
  2154 | D:2      | Reached XP level 4. HP: 42/43 MP: 4/7
  3410 | D:2      | Killed a centaur
  3410 | D:2      | Reached skill level 1 in Slings
  3410 | D:2      | Reached XP level 5. HP: 22/50 MP: 1/9
  4042 | D:4      | Found Oschet's Food Emporium.
  4075 | D:4      | Noticed Menkaure
  4086 | D:4      | Slain by Menkaure

Skill      XL: |  1  2  3  4  5 |
---------------+----------------+-----
Dodging        | 2 3 |  3.0
Fighting       | 1 2 |  2.8
Slings         | 1 |  1.3
Spellcasting   | 3 |  3.2
Stealth        | |  1.7
Conjurations   | |  4.4

Action                   |  1- 3 |  4- 6 || total
-------------------------+-------+-------++-------
 Fire: Hunting sling     |    74 |    54 ||   128
Throw: Javelin           |     9 |    13 ||    22
 Cast: Magic Dart        |    41 |    32 ||    73
       Searing Ray       |     2 |     5 ||     7
       Dazzling Spray    |       |     1 ||     1
  Use: Potion            |     2 |     2 ||     4
       Scroll            |     4 |     8 ||    12
  Eat: Chunk             |     3 |     1 ||     4
       Ration            |     1 |     1 ||     2
Armor: Skin              |    38 |    12 ||    50
Dodge: Dodged            |    69 |    47 ||   116
